 Dungeon Crawl Stone Soup version 0.24.0-1-gfbc8707 (webtiles) character file.

Game seed: 12020412183239197774, levelgen mode: deterministic

151 Exaltedone87 the Shield-Bearer (level 5, 0/41 HPs)
             Began as a Human Fighter on Nov 2, 2019.
             Slain by an adder (3 damage)
             ... on level 3 of the Dungeon.
             The game lasted 00:03:31 (2096 turns).

Exaltedone87 the Shield-Bearer (Human Fighter)      Turns: 2096, Time: 00:03:32

Health: 0/41       AC:  9    Str: 22    XL:     5   Next: 59%
Magic:  5/5        EV:  5    Int:  8    God:
Gold:   142        SH:  9    Dex: 13    Spells: 4/4 levels left

rFire    . . .     SeeInvis .   a - +0 flail
rCold    . . .     Gourm    .   e - +0 shield
rNeg     . . .     Faith    .   m - +0 chain mail (curse)
rPois    .         Spirit   .   (no helmet)
rElec    .         Reflect  .   (no cloak)
rCorr    .         Harm     .   (no gloves)
MR       .....                  (no boots)
Stlth    ..........             (no amulet)
HPRegen  0.13/turn              (no ring)
MPRegen  0.09/turn              (no ring)

@: mighty, lethally poisoned (0 -> -2)
A: no striking features
a: no special abilities


You were on level 3 of the Dungeon.
You were not hungry.

You visited 1 branch of the dungeon, and saw 3 of its levels.

You collected 142 gold pieces.

Inventory:

Hand Weapons
 a - a +0 flail (weapon)
Armour
 e - a +0 shield (worn)
 m - a cursed +0 chain mail (worn)
Jewellery
 j - an uncursed ring of ice
Scrolls
 i - a scroll of remove curse
Potions
 c - a potion of flight {unknown}
 l - 2 potions of mutation
Comestibles
 b - 3 chunks of flesh
 f - 6 rations


   Skills:
 + Level 3.6 Fighting
 * Level 3.5 Maces & Flails
 + Level 3.6 Armour
 + Level 1.3 Stealth
 + Level 3.7 Shields


You had 4 spell levels left.
You didn't know any spells.
Your spell library was empty.

Dungeon Overview and Level Annotations

Branches:
Dungeon (3/15)

Altars:


Message History

* * * LOW HITPOINT WARNING * * *
You miss the adder. You block the adder's attack.
The adder bites you but does no damage.
You closely miss the adder.
You feel sick. The adder bites you but does no damage.
You hit the adder.
The adder is moderately wounded.
The adder bites you.
* * * LOW HITPOINT WARNING * * *
The adder barely misses you.
You miss the adder.
The adder is moderately wounded.
* * * LOW HITPOINT WARNING * * *
You feel sick. The adder bites you but does no damage.
You block the adder's attack.
A giant cockroach comes into view.
You closely miss the adder.
The adder is moderately wounded.
The adder bites you.
You die...

########.......#
#.........######
#..%......###
#.....(.....#
#.(..(..###..#
###.(...#...l.#
##.(............
##.(.............
#.@S.............
#.s.......>......
....###............
... #............
.. #...........
##...>.....
#......#. .######


You could see an adder and a giant cockroach.

Vanquished Creatures
  Jessica (D:2)
  6 adders
  A worm (D:3)
  2 dart slugs
  4 leopard geckos
  An orc (D:2)
  2 giant cockroaches (D:2)
  11 goblins
  6 hobgoblins
  4 jackals (D:2)
  8 kobolds
  A quokka (D:2)
  3 bats (D:1)
  6 frilled lizards
  6 rats
62 creatures vanquished.

Notes
Turn   | Place    | Note
-------+----------+-------------------------------------------
     0 | D:1      | Exaltedone87 the Human Fighter began the quest for the Orb.
     0 | D:1      | Reached XP level 1. HP: 18/18 MP: 1/1
    51 | D:1      | Reached XP level 2. HP: 11/24 MP: 2/2
   499 | D:1      | Reached XP level 3. HP: 29/29 MP: 3/3
  1077 | D:2      | Reached XP level 4. HP: 33/35 MP: 4/4
  1164 | D:2      | Noticed Jessica
  1168 | D:2      | Killed Jessica
  1198 | D:2      | Reached skill level 1 in Stealth
  1200 | D:2      | Reached XP level 5. HP: 33/41 MP: 5/5
  2096 | D:3      | Slain by an adder

Levels and vault maps discovered:
D:1:      dpeg_arrival_tiny_h, layout_basic
D:2:      layout_loops_ring, st_stairs_14, uniq_jessica
D:3:      layout_rooms, minitemple, chequers_serial_rivers_micro_d

Skill      XL: |  1  2  3  4 |
---------------+-------------+-----
Maces & Flails | 3 |  3.5
Stealth        | 1 |  1.3
Fighting       | |  3.6
Armour         | |  3.6
Shields        | |  3.7

Action                   |  1- 3 |  4- 6 || total
-------------------------+-------+-------++-------
Melee: Flail             |    98 |   142 ||   240
  Use: Scroll            |     5 |     3 ||     8
       Potion            |       |     2 ||     2
  Eat: Chunk             |       |     4 ||     4
Armor: Scale mail        |    32 |    13 ||    45
       Chain mail        |       |    71 ||    71
Dodge: Dodged            |    29 |    37 ||    66
Block: Shield            |    67 |    94 ||   161
